 Dungeon Sprint DCSS version 0.20-a0-1122-gb7cbeb9 (webtiles) character file.

16877 Kidiri the Eclecticist (level 12, -13/76 HPs)
             Began as a Deep Elf Fire Elementalist on May 12, 2017.
             Was the Champion of Vehumet.
             Mangled by an anaconda (17 damage)
             ... in the Dungeon (Sprint III: "The Ten Rune Challenge").
             The game lasted 00:19:11 (3161 turns).

Kidiri the Eclecticist (Deep Elf Fire Elementalist) Turns: 3161, Time: 00:19:12

Health: -13/76     AC:  4    Str:  7    XL:     12   Next: 13%
Magic:  2/36       EV: 16    Int: 26    God:    Vehumet [******]
Gold:   41         SH:  0    Dex: 15    Spells: 4/48 levels left

rFire    + . .     SeeInvis .   k - +0 dagger
rCold    . . .     Gourm    .   (no shield)
rNeg     . . .     Faith    .   l - +2 robe {rF+}
rPois    .         Spirit   .   (no helmet)
rElec    .         Reflect  .   (no cloak)
rCorr    .         Harm     .   (no gloves)
MR       +....     NoTele   +   (no boots)
Stlth    ++........             (no amulet)
Regen    0.3/turn               (no ring)
MPRegen  0.3/turn               (no ring)

@: constricted
A: strong 1, evolution 1, sturdy frame 1
a: Renounce Religion


You were in the Dungeon.
You worshipped Vehumet.
Vehumet was exalted by your worship.
You were not hungry.

You visited 1 branch You collected 41 gold pieces.

Inventory:

Hand Weapons
 k - a +0 dagger (weapon)
Armour
 l - a +2 robe of fire resistance (worn)
Scrolls
 a - 2 scrolls of torment
 p - a scroll of remove curse
Potions
 d - 2 potions of curing
 g - a potion of magic
 h - a potion of berserk rage
 o - a potion of flight
 r - 2 potions of mutation
Comestibles
 b - a chunk of flesh
 c - 2 bread rations
 f - an inedible chunk of flesh
 j - 21 royal jellies


   Skills:
 + Level 9.2 Fighting
 - Level 9.2 Short Blades
 - Level 8.1 Armour
 - Level 10.1 Dodging
 - Level 2.4 Stealth
 * Level 18.9 Spellcasting
 + Level 11.8 Conjurations
 + Level 12.0 Fire Magic
 + Level 6.9 Ice Magic
 + Level 8.6 Air Magic
 + Level 9.3 Poison Magic


You had 4 spell levels left.
You knew the following spells:

 Your Spells              Type           Power        Failure   Level  Hunger
a - Flame Tongue          Conj/Fire      #####        0%          1    None
b - Throw Flame           Conj/Fire      ######       0%          2    None
c - Conjure Flame         Conj/Fire      ######..     1%          3    None
d - Inner Flame           Hex/Fire       ######..     1%          3    None
e - Sticky Flame          Conj/Fire      ######..     1%          4    None
f - Fireball              Conj/Fire      ######....   1%          5    None
g - Bolt of Fire          Conj/Fire      ######....   1%          6    ##.....
h - Airstrike             Air            ######....   1%          4    None
i - Mephitic Cloud        Conj/Pois/Air  ######..     1%          3    None
j - Freezing Cloud        Conj/Ice/Air   ######....   1%          6    ##.....
k - Orb of Destruction    Conj           ######....   3%          7    #####..


Dungeon Overview and Level Annotations

Branches:
Dungeon (1/1)

Altars:
Cheibriados
Dithmenos
Elyvilon
Fedhas
Gozag
Hepliaklqana
Kikubaaqudgha
Makhleb
Nemelex Xobeh
Okawaru
Qazlal
Ru
Sif Muna
Trog
Uskayaw
Vehumet
Wu Jian
Xom
Yredelemnul
Zin
The Shining One
Beogh
Jiyva
Lugonu

Annotations:
D exclusion: 3 doors


Innate Abilities, Weirdness & Mutations

Your muscles are strong. (Str +2)
You evolve.
Your movements are slightly less encumbered by armour. (ER -2)


Message History

* * * LOW HITPOINT WARNING * * *
x2 The anaconda constricts you.
You escape the anaconda's grasp.
You feel much better. The anaconda completely misses you.
The anaconda bites you!
* * * LOW HITPOINT WARNING * * *
The anaconda grabs you. The anaconda bites you.
* * * LOW HITPOINT WARNING * * *
x2 The anaconda constricts you.
Unknown command.
Casting: Sticky Flame
Confirm with . or Enter, or press ? or * to list all spells.
Aiming: Sticky Flame
Press: ? - help, Shift-Dir - straight line, f/p - anaconda
Aim: an anaconda (moderately wounded, constricting you)
The sticky flame hits the anaconda.
The anaconda is heavily wounded.
The anaconda is covered in liquid flames!
The anaconda burns!
The anaconda bites you!
You die...

▓.................#___#__+..
▓▓▓▓▓▓▓▓▓▓▓▓▓▓▓▓▓▓▓▓▓▓▓▓▓▓▓▓
+≈≈§§§≈§≈≈♣♣.....♣♣♣♣≈≈
#≈.≈§≈≈≈≈≈♣♣.≈≈≈≈'♣♣'♣≈
#≈§§≈§§§≈≈≈'.....#.≈♣♣♣
#≈≈≈§§§§≈.♣♣♣♣♣♣♣#..♣♣
#≈≈≈≈§≈§≈≈♣ ###+♣♣
##+####+#######♣ ♣♣♣♣.##
........%@S....♣♣ ♣...##.
#+#############'♣ ♣♣.##.#
#≈...÷.......♣ ♣..#.#
.+≈≈...########♣♣ ♣♣.##.
..#≈≈≈...........♣ ♣♣.##.
J.#≈≈≈≈P..PP.....♣ ♣.....
###########†#### ###### #...
#.....


You could see an anaconda (burning).

Vanquished Creatures
  Rupert (D)
  2 hydras (D)
  Erolcha (D)
  An anaconda (D)
  4 death yaks (D)
  Urug (D)
  A lindwurm (D)
  A deep elf mage (D)
  2 black mambas (D)
  2 spiny frogs (D)
  A rime drake (D)
  A komodo dragon (D)
  3 wandering mushrooms (D)
  2 tyrant leeches (D)
  A queen bee (D)
  8 blink frogs (D)
  A shadow (D)
  5 redbacks (D)
  A spatial vortex (D)
  2 water moccasins (D)
  A necrophage (D)
  A swamp drake (D)
  5 two-headed ogres (D)
  A water elemental (D)
  30 killer bees (D)
  An electric eel (D)
  A jelly (D)
  A wizard (D)
  Jessica (D)
  A necromancer (D)
  3 humans (D)
  A kobold demonologist (D)
  A wolf (D)
  An ooze (D)
  2 rats (D)
92 creatures vanquished.

Vanquished Creatures (collateral kills)
  2 killer bees (D)
2 creatures vanquished.

Vanquished Creatures (others)
  2 draconian scorchers (D)
  6 hellions (D)
  2 yaktaurs (D)
  5 plants (D)
15 creatures vanquished.

Grand Total: 109 creatures vanquished

Notes
Turn   | Place    | Note
-------+----------+-------------------------------------------
     0 | D        | Kidiri the Deep Elf Fire Elementalist began the quest for the Orb.
     0 | D        | Reached XP level 1. HP: 10/10 MP: 6/6
    54 | D        | Noticed Jessica
    58 | D        | Killed Jessica
    58 | D        | Reached skill level 1 in Fighting
    58 | D        | Reached skill level 1 in Armour
    58 | D        | Reached skill level 5 in Spellcasting
    58 | D        | Reached XP level 2. HP: 16/16 MP: 3/10
    58 | D        | Reached XP level 3. HP: 20/20 MP: 3/11
    93 | D        | Killed a hellion
    93 | D        | Killed a hellion
   157 | D        | Killed a white draconian scorcher
   158 | D        | Learned a level 2 spell: Throw Flame
   168 | D        | Learned a level 3 spell: Conjure Flame
   172 | D        | Learned a level 3 spell: Inner Flame
   192 | D        | Killed a yaktaur
   198 | D        | Killed a hellion
   218 | D        | Reached skill level 1 in Short Blades
   218 | D        | Reached skill level 6 in Spellcasting
   221 | D        | Killed a white draconian scorcher
   246 | D        | Gained mutation: You are partially covered in large bone plates. (SH +4) [potion of mutation]
   246 | D        | Gained mutation: Your muscles are strong. (Str +2) [potion of mutation]
   246 | D        | Gained mutation: Your muscles are very strong. (Str +4) [potion of mutation]
   247 | D        | Lost mutation: Your muscles are very strong. (Str +4) [potion of mutation]
   247 | D        | Lost mutation: Your muscles are strong. (Str +2) [potion of mutation]
   247 | D        | Lost mutation: You are partially covered in large bone plates. (SH +4) [potion of mutation]
   247 | D        | Gained mutation: Your movements are slightly less encumbered by armour. (ER -2) [potion of mutation]
   247 | D        | Gained mutation: Your spells are a little harder to cast, but a little more powerful. [potion of mutation]
   248 | D        | Lost mutation: Your spells are a little harder to cast, but a little more powerful. [potion of mutation]
   248 | D        | Lost mutation: Your movements are slightly less encumbered by armour. (ER -2) [potion of mutation]
   248 | D        | Gained mutation: You are weak. (Str -2) [potion of mutation]
   248 | D        | Gained mutation: Your movements are slightly less encumbered by armour. (ER -2) [potion of mutation]
   249 | D        | Lost mutation: You are weak. (Str -2) [potion of mutation]
   249 | D        | Gained mutation: Your muscles are strong. (Str +2) [potion of mutation]
   249 | D        | Gained mutation: Your flesh is heat resistant. (rF+) [potion of mutation]
   249 | D        | Gained mutation: You evolve. [potion of mutation]
   266 | D        | Noticed a water elemental
   271 | D        | Killed a water elemental
   271 | D        | Reached skill level 7 in Spellcasting
   271 | D        | Reached skill level 5 in Fire Magic
   271 | D        | Reached XP level 4. HP: 27/27 MP: 8/15
   273 | D        | Killed a hellion
   323 | D        | Found a radiant altar of Vehumet.
   329 | D        | Learned a level 4 spell: Sticky Flame
   329 | D        | Found a deep blue altar of Sif Muna.
   329 | D        | Found an ancient bone altar of Kikubaaqudgha.
   329 | D        | Noticed a wizard
   329 | D        | Killed a hellion
   330 | D        | Killed a hellion
   331 | D        | Killed a wizard
   331 | D        | Reached skill level 5 in Dodging
   331 | D        | Reached XP level 5. HP: 31/31 MP: 7/17
   343 | D        | Learned a level 5 spell: Fireball
   348 | D        | Became a worshipper of Vehumet
   397 | D        | Found a glowing silver altar of Zin.
   398 | D        | Found a glowing golden altar of the Shining One.
   398 | D        | Found a white marble altar of Elyvilon.
   398 | D        | Noticed a deep elf mage
   407 | D        | Killed a deep elf mage
   407 | D        | Reached skill level 10 in Spellcasting
   407 | D        | Reached skill level 5 in Conjurations
   407 | D        | Reached XP level 6. HP: 3/38 MP: 14/21
   407 | D        | Reached XP level 7. HP: 4/43 MP: 15/23
   687 | D        | Found an ornate altar of the Wu Jian Council.
   687 | D        | Found a roughly hewn altar of Beogh.
   687 | D        | Found an iron altar of Okawaru.
   687 | D        | Found a bloodstained altar of Trog.
   687 | D        | Found a hide-covered altar of Uskayaw.
   687 | D        | Noticed a human
   689 | D        | Noticed a human
   692 | D        | Killed a human
   692 | D        | Reached skill level 5 in Short Blades
   692 | D        | Reached skill level 11 in Spellcasting
   693 | D        | Killed a human
   693 | D        | Reached * piety under Vehumet
   693 | D        | Offered knowledge of Sting by Vehumet.
   804 | D        | Found a basalt altar of Yredelemnul.
   804 | D        | Found a shadowy altar of Dithmenos.
   804 | D        | Found a sacrificial altar of Ru.
   863 | D        | Noticed a shadow
   864 | D        | Killed a shadow
   864 | D        | Offered knowledge of Freeze by Vehumet.
   864 | D        | Reached ** piety under Vehumet
   864 | D        | Reached skill level 5 in Fighting
   864 | D        | Reached skill level 5 in Armour
   864 | D        | Reached XP level 8. HP: 49/49 MP: 19/25
   867 | D        | Reached skill level 12 in Spellcasting
   879 | D        | Found a blossoming altar of Fedhas.
   879 | D        | Found a stormy altar of Qazlal.
   879 | D        | Found a snail-covered altar of Cheibriados.
   879 | D        | Found a burning altar of Makhleb.
   879 | D        | Found a shimmering altar of Xom.
   912 | D        | Found a hazy altar of Hepliaklqana.
   912 | D        | Found an opulent altar of Gozag.
   912 | D        | Found a sparkling altar of Nemelex Xobeh.
   912 | D        | Found a corrupted altar of Lugonu.
   912 | D        | Found a viscous altar of Jiyva.
  1058 | D        | Offered knowledge of Mephitic Cloud by Vehumet.
  1060 | D        | Reached *** piety under Vehumet
  1065 | D        | Learned a level 3 spell: Mephitic Cloud
  1118 | D        | Noticed a two-headed ogre
  1128 | D        | Killed a two-headed ogre
  1128 | D        | Offered knowledge of Airstrike by Vehumet.
  1128 | D        | Reached skill level 1 in Air Magic
  1128 | D        | Reached skill level 1 in Poison Magic
  1134 | D        | Learned a level 4 spell: Airstrike
  1145 | D        | Noticed a two-headed ogre
  1145 | D        | Noticed Erolcha
  1152 | D        | Killed Erolcha
  1152 | D        | Reached skill level 13 in Spellcasting
  1152 | D        | Reached XP level 9. HP: 36/55 MP: 12/28
  1153 | D        | Killed a two-headed ogre
  1262 | D        | Reached **** piety under Vehumet
  1266 | D        | Offered knowledge of Static Discharge by Vehumet.
  1266 | D        | Reached skill level 14 in Spellcasting
  1395 | D        | Reached ***** piety under Vehumet
  1406 | D        | Reached ****** piety under Vehumet
  1410 | D        | Reached XP level 10. HP: 56/61 MP: 13/30
  1416 | D        | Reached skill level 10 in Dodging
  1427 | D        | Offered knowledge of Bolt of Fire by Vehumet.
  1427 | D        | Reached skill level 15 in Spellcasting
  1427 | D        | Reached skill level 5 in Poison Magic
  1566 | D        | Learned a level 6 spell: Bolt of Fire
  1614 | D        | Reached skill level 5 in Air Magic
  1666 | D        | Noticed a spiny frog
  1666 | D        | Noticed a spiny frog
  1669 | D        | Killed a spiny frog
  1669 | D        | Killed a spiny frog
  1669 | D        | Reached skill level 10 in Fire Magic
  1976 | D        | Offered knowledge of Freezing Cloud by Vehumet.
  1984 | D        | Learned a level 6 spell: Freezing Cloud
  2145 | D        | Noticed a lindwurm
  2151 | D        | Killed a lindwurm
  2151 | D        | Reached skill level 16 in Spellcasting
  2151 | D        | Reached skill level 1 in Ice Magic
  2153 | D        | Reached skill level 10 in Conjurations
  2257 | D        | Noticed Urug
  2260 | D        | Killed Urug
  2260 | D        | Reached XP level 11. HP: 68/68 MP: 19/33
  2325 | D        | Noticed an eight-headed hydra
  2329 | D        | Noticed a six-headed hydra
  2331 | D        | Killed an eight-headed hydra
  2331 | D        | Offered knowledge of Ozocubu's Refrigeration by Vehumet.
  2341 | D        | Killed a six-headed hydra
  2460 | D        | Reached skill level 17 in Spellcasting
  2582 | D        | Noticed Rupert
  2613 | D        | Lost mutation: Your flesh is heat resistant. (rF+) [evolution]
  2615 | D        | Killed Rupert
  2615 | D        | Offered knowledge of Orb of Destruction by Vehumet.
  2615 | D        | Reached skill level 5 in Ice Magic
  2624 | D        | Learned a level 7 spell: Orb of Destruction
  2809 | D        | Noticed a death yak
  2810 | D        | Noticed a death yak
  2810 | D        | Noticed a death yak
  2814 | D        | Noticed a death yak
  2822 | D        | Killed a death yak
  2822 | D        | Reached skill level 18 in Spellcasting
  2828 | D        | Killed a death yak
  2865 | D        | Killed a death yak
  2883 | D        | Killed a death yak
  2897 | D        | Reached XP level 12. HP: 44/76 MP: 0/36
  2935 | D        | Offered knowledge of Spellforged Servitor by Vehumet.
  3088 | D        | Noticed an azure jelly
  3088 | D        | Noticed an azure jelly
  3094 | D        | Noticed an anaconda
  3099 | D        | Killed an anaconda
  3146 | D        | Noticed an anaconda
  3161 | D        | Mangled by an anaconda

Vault maps used:
D:        dungeon_sprint_mu

Skill      XL: |  1  2  3  4  5  6  7  8  9 10 11 12 |
---------------+-------------------------------------+-----
Fighting       | 1 2 4 5 6 7 9 |  9.2
Armour         | 1 2 4 5 6 7 8 |  8.1
Dodging        | 3 4 5 6 7 9 10 | 10.1
Spellcasting   | 5 7 10 11 13 14 16 18 | 18.9
Conjurations   | 2 3 4 5 6 8 10 11 | 11.8
Fire Magic     | 4 5 6 7 8 9 10 11 12 | 12.0
Short Blades   | 2 4 5 7 8 9 |  9.2
Air Magic      | 2 4 6 8 |  8.6
Poison Magic   | 3 4 6 9 |  9.3
Ice Magic      | 2 6 |  6.9
Stealth        | |  2.4

Action                   |  1- 3 |  4- 6 |  7- 9 | 10-12 || total
-------------------------+-------+-------+-------+-------++-------
Melee: Dagger            |     1 |       |     8 |     9 ||    18
       Unarmed           |     1 |       |       |       ||     1
 Cast: Flame Tongue      |    17 |       |    51 |    25 ||    93
       Throw Flame       |     2 |       |     1 |       ||     3
       Conjure Flame     |     1 |       |     6 |     2 ||     9
       Sticky Flame      |       |     3 |     8 |    12 ||    23
       Inner Flame       |       |       |     8 |     3 ||    11
       Fireball          |       |       |     2 |     1 ||     3
       Airstrike         |       |       |     3 |     6 ||     9
       Mephitic Cloud    |       |       |     1 |     3 ||     4
       Bolt of Fire      |       |       |       |    25 ||    25
       Orb of Destructio |       |       |       |    10 ||    10
       Freezing Cloud    |       |       |       |     2 ||     2
  Use: Potion            |     4 |       |       |     5 ||     9
       Scroll            |     4 |       |       |     1 ||     5
 Stab: Sleeping          |       |       |     1 |     3 ||     4
  Eat: Chunk             |       |       |     2 |     1 ||     3
       Royal jelly       |       |       |       |     5 ||     5
       Fruit             |       |       |       |     1 ||     1
Armor: Robe              |       |       |     1 |     3 ||     4
Dodge: Dodged            |     5 |     3 |     6 |    35 ||    49
